 Dungeon Crawl Stone Soup version 0.19.0-2-gae57169 (webtiles) character file.

77 tizzy the Chopper (level 4, -1/33 HPs)
             Began as a Demonspawn Gladiator on Nov 7, 2016.
             Slain by a gnoll
             ... wielding a +0 spear
              (4 damage)
             ... on level 2 of the Dungeon.
             The game lasted 00:03:13 (1899 turns).

tizzy the Chopper (Demonspawn Gladiator)            Turns: 1899, Time: 00:03:14

Health: -1/33      AC:  5    Str: 15    XL:     4   Next: 14%
Magic:  4/4        EV:  9    Int: 10    God:
Gold:   68         SH:  7    Dex: 14    Spells: 0 memorised, 3 levels left

rFire  + . .     SeeInvis .     a - +0 war axe
rCold  . . .     Gourm    .     b - +0 leather armour
rNeg   . . .     Faith    .     j - +0 shield
rPois  .         Spirit   .     c - +0 helmet
rElec  .         Reflect  .     (no cloak)
rCorr  .         Harm     .     g - +0 pair of gloves
MR     .....                    (no boots)
Stlth  +.........               (no amulet)
                                (no ring)
                                (no ring)

@: no status effects
A: demonic guardian 1, fire resistance 1
a: no special abilities


You were on level 2 of the Dungeon.
You were not hungry.

You visited 1 branch of the dungeon, and saw 2 of its levels.

You collected 68 gold pieces.

Inventory:

Hand Weapons
 a - a +0 war axe (weapon)
Missiles
 d - 3 throwing nets (quivered)
Armour
 b - a +0 leather armour (worn)
 c - a +0 helmet (worn)
 g - a +0 pair of gloves (worn)
 j - a +0 shield (worn)
Scrolls
 e - a scroll of enchant weapon {unknown}
 h - a scroll of amnesia {unknown}
 l - a scroll of noise {unknown}
 n - 2 scrolls of recharging {unknown}
 o - a scroll of blinking {unknown}
Potions
 k - a potion of lignification {unknown}
 m - a potion of haste {unknown}
Comestibles
 f - 2 bread rations
 i - 2 slices of pizza


   Skills:
 - Level 2.0 Fighting
 * Level 4.5 Axes
 - Level 1.7 Throwing
 - Level 2.6 Dodging


You had 3 spell levels left.
You didn't know any spells.

Dungeon Overview and Level Annotations

Branches:
Dungeon (2/15)

Altars:


Innate Abilities, Weirdness & Mutations

A weak demonic guardian rushes to your aid.
Your flesh is heat resistant. (rF+)


Message History

The gnoll hits you with a spear!
Your shield and leather armour prevent you from hitting the gnoll.
The gnoll hits you with a spear.
You hit the gnoll.
The gnoll is lightly wounded.
The gnoll hits you with a spear. x2
You barely miss the gnoll. The gnoll hits you with a spear.
You closely miss the gnoll. You hit the goblin. The gnoll barely misses you.
The goblin hits you. x2
* * * LOW HITPOINT WARNING * * *
The gnoll hits you with a spear.
* * * LOW HITPOINT WARNING * * *
You are too injured to fight recklessly!
You slash the goblin!
You kill the goblin!
You barely miss the gnoll. The gnoll hits you but does no damage.
You hit the gnoll.
The gnoll is heavily wounded.
You block the gnoll's attack. The gnoll hits you with a spear.
You die...

##.#.#..#.........
)....#...............
##.#.....)..........
##.#.#..#.#####....#
##......#.# #....#
####.##.#.# #....#
........#.# #....#
.###.####.#####..g.#.#
.# #............@....#
.# ##.......##.#...#.#
.# #.####........## .#
#.# .....#.r.... .#
#.##.#........... ##
#.......#...###..#
#............ .##
####......... .# ..###


You could see a gnoll and a rat.

Vanquished Creatures
  An adder (D:1)
  2 gnolls (D:2)
  4 dart slugs
  2 ball pythons (D:1)
  3 bats
  4 giant cockroaches
  6 goblins
  5 hobgoblins
  A jackal (D:1)
  4 kobolds
  2 quokkas (D:2)
  2 frilled lizards (D:1)
  4 rats
40 creatures vanquished.

Notes
Turn   | Place    | Note
-------+----------+-------------------------------------------
     0 | D:1      | tizzy the Demonspawn Gladiator began the quest for the Orb.
     0 | D:1      | Reached XP level 1. HP: 16/16 MP: 1/1
   156 | D:1      | Reached skill level 3 in Axes
   298 | D:1      | Gained mutation: Your flesh is heat resistant. (rF+) [demonic ancestry]
   298 | D:1      | Reached XP level 2. HP: 18/22 MP: 2/2
   306 | D:1      | You fall through a shaft!
   509 | D:1      | Gained mutation: A weak demonic guardian rushes to your aid. [demonic ancestry]
   509 | D:1      | Reached XP level 3. HP: 15/27 MP: 3/3
   980 | D:1      | Reached skill level 4 in Axes
  1598 | D:2      | Reached XP level 4. HP: 9/33 MP: 4/4
  1899 | D:2      | Slain by a gnoll

Skill      XL: |  1  2  3 |
---------------+----------+-----
Axes           | 3 4 |  4.5
Fighting       | |  2.0
Throwing       | |  1.7
Dodging        | |  2.6

Action                   |  1- 3 |  4- 6 || total
-------------------------+-------+-------++-------
Melee: War axe           |    99 |     7 ||   106
 Stab: Sleeping          |     1 |       ||     1
  Eat: Chunk             |     1 |     1 ||     2
       Pizza             |       |     1 ||     1
Armor: Leather armour    |    28 |     1 ||    29
Dodge: Dodged            |    61 |     1 ||    62
Block: Shield            |    19 |     2 ||    21
